AoeStats
← NoMore

Arena

504853820Analyzed
3v3 RM · 26d ago on Sep 6, 2026· 38m 15s· 6 players
Game mode
Random Map
Map size
Normal (6 player)
Population
200
Speed
Normal
Resources
Standard
Victory
Conquest
Starting age
Dark Age
Ending age
Imperial Age
RankedLock teamsTeams togetherTeam positionsShared explorationLock speedFull tech treeHidden civsTurbo modeCheats
Victory
Defeat
🇹🇷 Khmer · Türkiye
1179
+12
🇹🇷 Persians · Türkiye
1154
+13
🇹🇷 Goths · Türkiye
972
+21
🇲🇽 Britons · Mexico
1129
-17
🇲🇽 Teutons · Mexico
1106
-16
🇺🇸 Bohemians · United States
1028
-13
NoMore
5:49 Loom
11:26 Feudal Age
17:42 Castle Age
16:16 Double-Bit Axe
18:58 Fletching
20:36 Bow Saw
23:38 Fervor
27:21 Wagenburg Tactics
31:57 Imperial Age
30:02 Wheelbarrow
30:53 Chemistry
32:46 Masonry
35:29 Conscription
36:52 Fortified Wall
JR | azero
10:18 Feudal Age
14:39 Castle Age
12:59 Double-Bit Axe
13:13 Loom
13:39 Horse Collar
14:50 Fletching
14:47 Town Watch
16:20 Bow Saw
29:10 Imperial Age
28:16 Wheelbarrow
27:39 Bodkin Arrow
28:19 Ballistics
27:23 Crossbowman
27:32 Pikeman
28:20 Scale Mail Armor
28:48 Forging
28:38 Padded Archer Armor
29:23 Gold Mining
29:55 Chain Mail Armor
31:29 Iron Casting
32:07 Chemistry
30:50 Treadmill Crane
31:20 Masonry
31:39 Heavy Plow
34:02 Blast Furnace
35:04 Conscription
Tanatos
4:45 Loom
11:16 Feudal Age
16:04 Castle Age
14:16 Double-Bit Axe
14:31 Horse Collar
15:55 Forging
17:30 Wheelbarrow
17:00 Town Watch
17:23 Scale Barding Armor
18:59 Bow Saw
25:29 Hand Cart
29:24 Bloodlines
32:01 Imperial Age
30:02 Town Patrol
30:56 Fortified Wall
31:18 Ballistics
33:10 Chain Barding Armor
33:25 Iron Casting
32:52 Scale Mail Armor
32:56 Squires
33:33 Cavalier
36:38 Chemistry
36:11 Chain Mail Armor
37:30 Plate Mail Armor
Vantokk
7:36 Loom
11:08 Feudal Age
13:49 Castle Age
12:01 Double-Bit Axe
12:06 Horse Collar
15:03 Bow Saw
16:29 Heavy Plow
18:49 Loom
19:50 Stone Mining
21:37 Stone Shaft Mining
21:51 Wheelbarrow
21:11 Gold Mining
22:58 Hand Cart
22:29 Loom
22:30 Town Watch
22:42 Loom
24:18 Gold Shaft Mining
28:21 Imperial Age
28:38 Town Patrol
29:39 Crop Rotation
29:51 Conscription
29:34 Double Crossbow
29:05 Heavy Scorpion
30:32 Ballistics
30:43 Siege Engineers
31:39 Chemistry
30:21 Heavy Scorpion
CarbonBow
10:58 Feudal Age
14:52 Castle Age
13:01 Double-Bit Axe
13:44 Horse Collar
14:11 Stone Mining
16:44 Loom
21:27 Bow Saw
22:18 Heavy Plow
23:21 Wheelbarrow
25:07 Anarchy
27:52 Gold Mining
28:33 Hand Cart
32:05 Imperial Age
30:51 Forging
30:42 Scale Mail Armor
30:48 Squires
30:15 Pikeman
32:18 Iron Casting
32:51 Stone Shaft Mining
33:21 Chain Mail Armor
34:37 Halberdier
35:57 Conscription
36:46 Two-Man Saw
36:20 Crop Rotation
38:15 Blast Furnace
MW.ItsyBitsy
10:10 Feudal Age
14:16 Castle Age
12:24 Double-Bit Axe
12:51 Horse Collar
15:15 Bow Saw
16:33 Wheelbarrow
20:04 Gold Mining
21:07 Loom
22:05 Hand Cart
23:00 Heavy Plow
27:22 Imperial Age
25:24 Stone Mining
26:14 Gold Shaft Mining
26:18 Scale Barding Armor
26:24 Forging
26:20 Town Watch
27:13 Masonry
27:01 Murder Holes
27:39 Chain Barding Armor
28:10 Stone Shaft Mining
27:22 Cavalier
29:24 Chemistry
29:11 Bloodlines
30:31 Two-Man Saw
29:42 Husbandry
31:28 Crop Rotation
32:15 Plate Barding Armor
33:45 Conscription
33:37 Savar
35:20 Iron Casting
Connection lost

Rejoining the realm…

Still unreachable

The connection could not be restored.

Session expired

The server has moved on; the page needs a fresh start.